 Dungeon Crawl Stone Soup version 0.31-a0-7-g51783674b7 (webtiles) character file.

Game seed: 316516781464196485

897 BlasphemerAmon the Trooper (level 8, -4/70 HPs)
             Began as a Hill Orc Fighter on May 5, 2023.
             Was an Initiate of Beogh.
             Slain by an ice beast (10 damage)
             ... on level 6 of the Dungeon.
             The game lasted 00:06:15 (4492 turns).

BlasphemerAmon the Trooper (Hill Orc Fighter)       Turns: 4492, Time: 00:06:16

Health: -4/70      AC:  8    Str: 21    XL:     8   Next: 7%
Magic:  8/8        EV:  9    Int:  8    God:    Beogh [......]
Gold:   383        SH:  5    Dex: 10    Spells: 7/7 levels left

rFire   . . .        a - +0 war axe
rCold   . . .        c - +0 buckler
rNeg    . . .        b - +0 scale mail
rPois   .            (no helmet)
rElec   .            x - +0 cloak
rCorr   .            (no gloves)
SInv    .            (no boots)
Will    +....        (no amulet) Stlth
                     u - ring of willpower
HPRegen 0.31/turn    (no ring)
MPRegen 0.11/turn

%: no passive effects
@: no status effects
A: no striking features
a: Renounce Religion


You were on level 6 of the Dungeon.
You worshipped Beogh.
Beogh was noncommittal.
You visited 1 branch of the dungeon, and saw 6 of its levels.

You collected 383 gold pieces.

Inventory:

Hand Weapons
 a - a +0 war axe (weapon)
Missiles
 q - 4 javelins (quivered)
Armour
 b - a +0 scale mail (worn)
 c - a +0 buckler (worn)
 x - a +0 cloak (worn)
Jewellery
 u - a ring of willpower (left hand)
Wands
 v - a wand of flame (18)
 y - a wand of quicksilver (11)
Scrolls
 e - a scroll of poison {unknown}
 g - 5 scrolls of identify {unknown}
 i - a scroll of blinking {unknown}
 j - 3 scrolls of teleportation {unknown}
 n - 2 scrolls of vulnerability {unknown}
 r - a scroll of butterflies {unknown}
 s - 2 scrolls of enchant armour {unknown}
 w - a scroll of immolation {unknown}
 A - a scroll of enchant weapon {unknown}
Potions
 f - 2 potions of lignification
 h - 2 potions of cancellation
 k - a potion of berserk rage {unknown}
 l - 2 potions of heal wounds {unknown}
 m - 2 potions of attraction {unknown}
 o - a potion of resistance {unknown}
 p - 3 potions of degeneration {unknown}
 t - a potion of flight {unknown}
 z - a potion of haste {unknown}


   Skills:
 + Level 6.0 Fighting
 + Level 5.9 Axes
 + Level 3.0 Throwing
 + Level 5.5 Armour
 + Level 5.5 Shields


You had 7 spell levels left.
You didn't know any spells.
Your spell library contained the following spells:

 Spells                   Type           Power      Damage    Failure   Level
 Kiss of Death            Conj/Necr      0%         2d5       80%         1
 Slow                     Hex            0%         N/A       80%         1
 Ensorcelled Hibernation  Hex/Ice        0%         N/A       90%         2
 Passwall                 Tmut/Erth      0%         N/A       90%         2
 Confusing Touch          Hex            0%         N/A       99%         3
 Swiftness                Air            0%         N/A       99%         3
 Vampiric Draining        Necr           0%         2d6       99%         3
 Dispel Undead            Necr           0%         3d6       100%        4


Dungeon Overview and Level Annotations

Branches:
Dungeon (6/15)             Temple (0/1) D:4

Altars:
Ashenzari
Cheibriados
Elyvilon
Hepliaklqana
Kikubaaqudgha
Ru

Shops:
D:1 :   D:3 =

Annotations:
D:4 3 runed translucent doors, BlasphemerAmon's ghost, amateur HOFi


Message History

No target in view!
HP restored.
Found 6 poisoned darts.
Found an escape hatch in the ceiling.
Found a stone staircase leading down.
You see here 6 poisoned darts.
You now have 383 gold pieces (gained 20).
An ice beast comes into view.
An ice beast is nearby!
The ice beast hits you. The ice beast freezes you!
You closely miss the ice beast. The ice beast closely misses you.
The ice beast hits you. The ice beast freezes you!
You completely miss the ice beast. The ice beast closely misses you.
You hit the ice beast.
The ice beast is lightly wounded.
The ice beast hits you. The ice beast freezes you!
You barely miss the ice beast.
The ice beast is lightly wounded.
The ice beast hits you but does no damage.
You slash the ice beast!
The ice beast is moderately wounded.
The ice beast barely misses you.
The ice beast hits you but does no damage.
You hit the ice beast but do no damage.
The ice beast is moderately wounded.
The ice beast hits you but does no damage.
You slash the ice beast!
The ice beast is heavily wounded.
The ice beast hits you. The ice beast freezes you!
You barely miss the ice beast.
The ice beast is heavily wounded.
The ice beast hits you.
* * * LOW HITPOINT WARNING * * *
The ice beast freezes you!
* * * LOW HITPOINT WARNING * * *
You hit the ice beast but do no damage.
The ice beast is heavily wounded.
The ice beast hits you.
* * * LOW HITPOINT WARNING * * *
The ice beast freezes you!
You die...

#.#........##
...#........#
..#
#........#####
..
#.............
.
#..<......####
#..........##
#........#..#
#........##.###
###########.@Y#
###......#
#####..


You could see an ice beast.

Vanquished Creatures
  Menkaure (D:5)
  Edmund (D:6)
  A water moccasin (D:5)
  A phantom (D:4)
  An ogre (D:4)
  3 hounds
  2 iguanas
  2 sleepcaps
  2 orc wizards
  7 adders
  2 white imps (D:5)
  2 worms
  2 dart slugs
  8 orcs
  3 ball pythons
  6 endoplasms
  2 giant cockroaches
  9 goblins
  4 hobgoblins
  6 jackals
  5 kobolds
  2 quokkas
  3 bats
  3 frilled lizards
  6 rats
84 creatures vanquished.

Vanquished Creatures (others)
  An orc priest (D:5)
  An adder (D:5)
  An orc (D:5)
  A quokka (D:5)
4 creatures vanquished.

Grand Total: 88 creatures vanquished

Notes
Turn   | Place    | Note
-------+----------+-------------------------------------------
     0 | D:1      | BlasphemerAmon the Hill Orc Fighter began the quest for the
                  | Orb.
     0 | D:1      | Reached XP level 1. HP: 19/19 MP: 1/1
    38 | D:1      | Reached XP level 2. HP: 24/27 MP: 2/2
   184 | D:1      | Reached skill level 4 in Fighting
   259 | D:1      | Reached XP level 3. HP: 33/33 MP: 3/3
   296 | D:1      | Found Zyodgheed's Book Shop.
  1362 | D:3      | Reached XP level 4. HP: 29/40 MP: 4/4
  1483 | D:3      | Found Hoip's Jewellery Emporium.
  2156 | D:3      | Reached XP level 5. HP: 45/47 MP: 5/5
  2271 | D:4      | Noticed a phantom
  2282 | D:4      | Killed a phantom
  2283 | D:4      | Reached skill level 1 in Throwing
  2287 | D:4      | Found a runed translucent gate.
  2298 | D:4      | Reached XP level 6. HP: 46/55 MP: 6/6
  2329 | D:4      | Found a runed translucent gate.
  2329 | D:4      | Found a runed translucent gate.
  2344 | D:4      | Noticed BlasphemerAmon's ghost (amateur HOFi)
  2374 | D:4      | Found a staircase to the Ecumenical Temple.
  2571 | D:4      | Reached skill level 5 in Fighting
  3070 | D:4      | Found a sacrificial altar of Ru.
  3275 | D:5      | Entered Level 5 of the Dungeon
  3279 | D:5      | Became a worshipper of Beogh the Brigand
  3294 | D:5      | Reached skill level 5 in Axes
  3294 | D:5      | Reached XP level 7. HP: 27/61 MP: 7/7
  3524 | D:5      | Found an ancient bone altar of Kikubaaqudgha.
  3612 | D:5      | Noticed Menkaure
  3618 | D:5      | Killed Menkaure
  3619 | D:5      | Reached skill level 5 in Armour
  3619 | D:5      | Reached skill level 5 in Shields
  4176 | D:5      | Found a broken altar of Ashenzari.
  4178 | D:5      | Found a hazy altar of Hepliaklqana.
  4178 | D:5      | Found a white marble altar of Elyvilon.
  4179 | D:5      | Found a snail-covered altar of Cheibriados.
  4307 | D:6      | Noticed Edmund
  4336 | D:6      | Killed Edmund
  4337 | D:6      | Reached skill level 6 in Fighting
  4337 | D:6      | Reached XP level 8. HP: 52/70 MP: 8/8
  4492 | D:6      | Slain by an ice beast

Illustrated notes

Levels and vault maps discovered:
D:1:      roderic_dead_forest, layout_rooms, serial_shops,
          nicolae_shop_statue_plus
D:2:      layout_loops_ring, grunt_ministairs_14, kennysheep_generic_room_10
D:3:      layout_loops_cross, serial_shops, shop, minmay_misc_feat_tower,
          kennysheep_big_empty_room
D:4:      layout_loops_ring, nicolae_ru_the_path_less_chosen,
          minmay_temple_entry_junction_2, ebering_ghost_rock_garden
D:5:      lemuel_ice_spiral_2, layout_rooms,
          nicolae_kikubaaqudgha_miasma_corner, mainiacjoe_overflow_alcove_3,
          minivault_23, uniq_menkaure
D:6:      minmay_goblin_kobold_castle, layout_rooms, uniq_edmund

Skill      XL: |  1  2  3  4  5  6  7 |
---------------+----------------------+-----
Axes           | 3 4 5 |  5.9
Fighting       | 4 5 6 |  6.0
Armour         | 4 5 |  5.5
Shields        | 4 5 |  5.5
Throwing       | 1 2 3 |  3.0

Action                     |  1- 3 |  4- 6 |  7- 9 || total
---------------------------+-------+-------+-------++-------
  Melee: War axe           |    84 |   122 |    90 ||   296
  Throw: Javelin           |       |     6 |       ||     6
 Invoke: Convert to Beogh  |       |     1 |       ||     1
    Use: Potion            |       |       |     6 ||     6
 Armour: Scale mail        |    53 |    50 |    29 ||   132
         Skin              |       |       |    10 ||    10
  Dodge: Dodged            |    33 |    44 |    37 ||   114
  Block: Buckler           |    24 |    26 |    15 ||    65

Table legend: (Time is in decaauts)
 A = Elapsed time spent in this place.
 B = Non-inter-level travel time spent in this place.
 C = Inter-level travel time spent in this place.
 D = Time resting spent in this place.
 E = Time spent auto-exploring this place.
 F = Levels seen in this place.
 G = Mean time per level.
                   A        B        C        D        E       F      G
               +--------+--------+--------+--------+--------+-----+--------+
         Total |   4587 |   4180 |    407 |    476 |   2998 |   6 |  764.5 |
       Dungeon |   4587 |   4180 |    407 |    476 |   2998 |   6 |  764.5 |
               +--------+--------+--------+--------+--------+-----+--------+

Top non-repeatable levels by time:
     D:5: 1049 daAuts
     D:4: 1034 daAuts
     D:3: 924 daAuts
     D:2: 869 daAuts
     D:1: 515 daAuts
     D:6: 194 daAuts
